 Dungeon Crawl Stone Soup version 0.29-a0-887-gcbe080d7e0 (webtiles) character file.

Game seed: 2003367175217919615

12448 iguanaiguana the Severer (level 11, 0/91 HPs)
             Began as a Minotaur Fighter on July 22, 2022.
             Was a High Priest of Okawaru.
             Slain by a nine-headed hydra (1 damage)
             ... on level 2 of the Lair of Beasts.
             The game lasted 00:12:09 (13093 turns).

iguanaiguana the Severer (Minotaur Fighter)        Turns: 13093, Time: 00:12:09

Health: 0/91       AC: 13    Str: 25    XL:     11   Next: 62%
Magic:  0/13       EV:  9    Int:  5    God:    Okawaru [*****.]
Gold:   732        SH:  5    Dex: 10    Spells: 10/10 levels left

rFire   . . .      SeeInvis +   y - +2 hand axe (flame)
rCold   . . .      Faith    .   c - +0 buckler
rNeg    . . .      Spirit   +   a - +0 chain mail
rPois   .          Reflect  .   (helmet restricted)
rElec   .          Harm     .   p - +2 cloak
rCorr   .          Rampage  .   (no gloves)
Will    .....                   (no boots)
Stlth   ..........              u - amulet of guardian spirit
HPRegen 0.25/turn               o - ring of see invisible
MPRegen 0.13/turn               (no ring)

@: no status effects
A: horns 2, retaliatory headbutt
a: Renounce Religion, Heroism, Finesse, Duel


You were on level 2 of the Lair of Beasts.
You worshipped Okawaru.
Okawaru was extremely pleased with you.
You visited 2 branches of the dungeon, and saw 10 of its levels.
You also visited: Ossuary.

You collected 732 gold pieces.

Inventory:

Hand Weapons
 d - a +1 broad axe of pain
 y - a +2 hand axe of flaming (weapon)
Missiles
 h - 11 poisoned darts (quivered)
 v - 3 boomerangs of dispersal
 w - 2 throwing nets
Armour
 a - a +0 chain mail (worn)
 b - a +0 scale mail
 c - a +0 buckler (worn)
 p - a +2 cloak (worn)
Jewellery
 o - a ring of see invisible (left hand)
 u - an amulet of guardian spirit (around neck)
 D - a +4 ring of evasion
Wands
 q - a wand of light (5)
 s - a wand of mindburst (8)
 L - a wand of paralysis (17)
 M - a wand of iceblast (8) {@v2}
Scrolls
 e - a scroll of torment {unknown}
 g - a scroll of brand weapon {unknown}
 i - 6 scrolls of identify {@r1}
 m - 5 scrolls of magic mapping {@r5}
 n - 2 scrolls of teleportation {unknown}
 r - a scroll of enchant armour
 x - a scroll of fog {unknown}
 A - 2 scrolls of poison
 B - a scroll of blinking {@r4}
 C - a scroll of immolation {unknown}
 E - a scroll of vulnerability {unknown}
 G - a scroll of acquirement {unknown}
 I - a scroll of silence {unknown}
Potions
 f - 2 potions of lignification
 j - 2 potions of heal wounds {@q2}
 k - 2 potions of resistance {@q5}
 l - a potion of brilliance
 t - 3 potions of degeneration
 z - 5 potions of curing {@q1}
 F - a potion of berserk rage
 H - 2 potions of might {@q3}
 J - a potion of cancellation {unknown}
 K - a potion of flight {unknown}


   Skills:
 + Level 6.9 Fighting
 - Level 18.0 Axes
 + Level 7.0 Armour
 - Level 3.6 Dodging
 - Level 2.0 Stealth
 + Level 6.9 Shields
 * Level 4.5 Invocations


You had 10 spell levels left.
You didn't know any spells.
Your spell library was empty.

Dungeon Overview and Level Annotations

Branches:
Dungeon (8/15)             Temple (0/1) D:4            Lair (2/5) D:8
Ossuary (visited)
  Swamp: Lair:2-3    Shoals: Lair:2-3     Snake: Lair:2-3    Spider: Lair:2-3

Altars:
Cheibriados
Okawaru
Sif Muna
Vehumet
Xom
Yredelemnul


Innate Abilities, Weirdness & Mutations

You have a pair of horns on your head.
You reflexively headbutt those who attack you in melee.


Message History

You hit the yak.
There are monsters nearby!
You slice the yak!!
You kill the yak!
Okawaru accepts your kill.
You hit the yak. The yak barely misses you.
You barely miss the yak.
The yak is heavily wounded.
The yak gores you!
You slice the yak!!
You kill the yak!
Okawaru accepts your kill.
Your Armour skill increases to level 7!
Magic restored.
HP restored.
L - a wand of paralysis (17) (gained 1 charge) Key pressed, stopping explore.
No target in view!
No target in view!
No target in view!
You now have 732 gold pieces (gained 18).
Found a stone staircase leading down.
No target in view!
No target in view!
No target in view!
A cane toad comes into view.
The cane toad gives a loud, deep croak!
An eight-headed hydra comes into view.
The eight-headed hydra roars!
You closely miss the cane toad.
You headbutt the cane toad, but do no damage.
The cane toad stings you!
There are monsters nearby!
You closely miss the cane toad. Your headbutt misses the cane toad.
The cane toad stings you.
You lop one of the eight-headed hydra's heads off!
The seven-headed hydra grows two more!
You slice the nine-headed hydra!!
The nine-headed hydra is moderately wounded.
You hit the cane toad. The cane toad closely misses you.
You furiously retaliate!
You headbutt the cane toad!
You completely miss the nine-headed hydra.
The nine-headed hydra is moderately wounded.
You hit the cane toad.
The nine-headed hydra barely misses you.
You block the nine-headed hydra's attack.
The nine-headed hydra closely misses you.
You block the nine-headed hydra's attack.
The nine-headed hydra bites you but does no damage.
The nine-headed hydra bites you! x2
The nine-headed hydra closely misses you.
The nine-headed hydra bites you but does no damage.
The cane toad barely misses you.
There are monsters nearby!
You slice the cane toad!!
You kill the cane toad!
Okawaru accepts your kill. Okawaru grants you armour!
Something appears at your feet!
You see here the +0 robe of Pessimism {rC+}.
You slice one of the nine-headed hydra's heads off!
The eight-headed hydra grows two more!
You hit the ten-headed hydra.
You block the ten-headed hydra's attack.
The ten-headed hydra bites you.
The ten-headed hydra bites you but does no damage.
The ten-headed hydra bites you!
The ten-headed hydra closely misses you.
The ten-headed hydra bites you! The ten-headed hydra bites you.
The ten-headed hydra barely misses you.
The ten-headed hydra bites you but does no damage.
The ten-headed hydra closely misses you.
You are too injured to fight recklessly!
You are too injured to fight recklessly!
Your +2 hand axe of flaming bursts into flame!
y - a +2 hand axe of flaming (weapon)
You chop one of the ten-headed hydra's heads off!
The flame cauterises the wound!
You slash the nine-headed hydra! You burn the nine-headed hydra.
The nine-headed hydra is moderately wounded.
The nine-headed hydra bites you but does no damage.
The nine-headed hydra bites you. x3; The nine-headed hydra bites you!
* * * LOW HITPOINT WARNING * * *
The nine-headed hydra bites you but does no damage.
The nine-headed hydra completely misses you.
The nine-headed hydra bites you.
* * * LOW HITPOINT WARNING * * *
The nine-headed hydra bites you!
* * * LOW HITPOINT WARNING * * *
A komodo dragon comes into view.
You hit the nine-headed hydra. You burn the nine-headed hydra.
The nine-headed hydra is moderately wounded.
The nine-headed hydra bites you but does no damage.
You block the nine-headed hydra's attack.
The nine-headed hydra barely misses you.
The nine-headed hydra bites you but does no damage.
The nine-headed hydra bites you!
* * * LOW HITPOINT WARNING * * *
You block the nine-headed hydra's attack.
The nine-headed hydra closely misses you.
The nine-headed hydra bites you.
You die...

..P......##.P.## .
######÷..#... ###......##....#
...+.......##... #......#.....#
...##........... #......#.....#
....#........... #......#P....#
...#........#...
#>.....##.##.##...##......##...
.#P....P#...#.#######P...
................. #....
.........@....... .......
..........D...... .......
................. ........
................. ......≈≈
................. ....≈≈≈
######.##........ .≈≈≈ ##
.##...#.. ≈≈ . .l.##. ≈≈ ≈≈


You could see a nine-headed hydra and a komodo dragon.

Vanquished Creatures
  Gastronok (D:8)
  4 cane toads
  Maggie (D:6)
  3 komodo dragons
  2 polar bears (D:8)
  A slime creature (D:7)
  4 blink frogs (Lair:2)
  2 wyverns
  A steam dragon (D:8)
  15 yaks
  A basilisk (Lair:1)
  Menkaure (Ossuary)
  6 water moccasins
  An orc warrior (D:8)
  3 ice beasts (D:8)
  A black bear (D:7)
  5 sky beasts
  A wolf (D:8)
  4 centaurs
  2 phantoms
  Blork the orc (D:5)
  4 bullfrogs
  2 necrophages
  3 scorpions
  2 hornet simulacra (D:8)
  15 wights
  4 killer bees (D:8)
  4 electric eels (D:8)
  6 howler monkeys
  A wyvern simulacrum (D:8)
  A jelly (D:5)
  7 hounds
  3 orc priests
  Crazy Yiuf (D:2)
  Jessica (D:2)
  3 iguanas
  4 orc wizards
  2 centaur simulacra (D:8)
  4 mummies
  Robin (D:4)
  11 adders
  4 gnolls
  3 shadow imps (D:6)
  8 white imps
  4 ufetubi
  2 worms
  A dart slug (D:2)
  31 orcs
  9 bats
  12 endoplasms
  5 giant cockroaches
  8 gnoll zombies (Ossuary)
  25 goblins
  12 hobgoblins
  17 jackals
  6 kobolds
  4 quokkas
  7 ball pythons
  2 frilled lizards (D:3)
  2 gnoll skeletons (Ossuary)
  3 goblin skeletons (Ossuary)
  3 goblin zombies
  8 hobgoblin skeletons (Ossuary)
  4 hobgoblin zombies
  5 kobold skeletons (Ossuary)
  4 kobold zombies (Ossuary)
  4 orc skeletons (Ossuary)
  4 orc zombies (Ossuary)
  7 rats
  3 rat skeletons (Ossuary)
  4 rat zombies (Ossuary)
350 creatures vanquished.

Vanquished Creatures (others)
  A white imp (D:8)
  2 orcs (D:8)
  4 fungi (Lair:2)
  40 plants
47 creatures vanquished.

Grand Total: 397 creatures vanquished

Notes
Turn   | Place    | Note
-------+----------+-------------------------------------------
     0 | D:1      | iguanaiguana the Minotaur Fighter began the quest for the
                  | Orb.
     0 | D:1      | Reached XP level 1. HP: 19/19 MP: 0/0
   258 | D:1      | Reached XP level 2. HP: 18/27 MP: 1/1
   764 | D:1      | Reached XP level 3. HP: 28/33 MP: 2/2
   873 | D:1      | Reached skill level 1 in Dodging
  1544 | D:2      | Reached skill level 3 in Axes
  1614 | D:2      | Reached skill level 1 in Stealth
  1760 | D:2      | Reached XP level 4. HP: 40/40 MP: 3/3
  1861 | D:2      | Found a basalt altar of Yredelemnul.
  1876 | D:2      | Noticed Jessica
  1880 | D:2      | Killed Jessica
  1903 | D:2      | Found a runed translucent door.
  1904 | D:2      | Noticed Crazy Yiuf
  2246 | D:2      | Killed Crazy Yiuf
  2247 | D:2      | Reached XP level 5. HP: 26/47 MP: 4/4
  2555 | D:3      | Found a radiant altar of Vehumet.
  2811 | D:3      | Noticed a water moccasin
  2811 | D:3      | Noticed a sky beast
  2818 | D:3      | Killed a sky beast
  2819 | D:3      | Reached XP level 6. HP: 37/55 MP: 1/5
  2829 | D:3      | Killed a water moccasin
  2830 | D:3      | Reached skill level 5 in Fighting
  2830 | D:3      | Reached skill level 4 in Axes
  2830 | D:3      | Reached skill level 5 in Armour
  2830 | D:3      | Reached skill level 5 in Shields
  3414 | D:3      | Found a faded altar of an unknown god.
  3473 | D:4      | Found a staircase to the Ecumenical Temple.
  3479 | D:4      | Reached XP level 7. HP: 50/61 MP: 4/6
  3871 | D:4      | Noticed Robin
  3881 | D:4      | Killed Robin
  4079 | D:4      | Found an iron altar of Okawaru.
  4150 | D:4      | Became a worshipper of Warmaster Okawaru
  4172 | D:5      | Entered Level 5 of the Dungeon
  4236 | D:5      | Reached skill level 5 in Axes
  4373 | D:5      | Noticed Blork the orc
  4381 | D:5      | Killed Blork the orc
  4382 | D:5      | Reached skill level 6 in Axes
  4410 | D:5      | Reached XP level 8. HP: 67/69 MP: 5/7
  4485 | D:5      | Reached * piety under Okawaru
  4486 | D:5      | Reached skill level 7 in Axes
  4723 | D:5      | Reached skill level 8 in Axes
  5448 | D:6      | Reached skill level 9 in Axes
  5472 | D:6      | Noticed Maggie
  5485 | D:6      | Killed Maggie
  5486 | D:6      | Reached skill level 10 in Axes
  6179 | D:7      | Reached skill level 11 in Axes
  6179 | D:7      | Reached XP level 9. HP: 69/74 MP: 8/8
  6201 | D:7      | Reached ** piety under Okawaru
  6250 | D:7      | Found a sand-covered staircase.
  6258 | Ossuary  | Entered an ossuary
  6633 | Ossuary  | Noticed Menkaure
  6640 | Ossuary  | Killed Menkaure
  6743 | D:7      | Found a flagged portal.
  6757 | D:7      | Reached skill level 12 in Axes
  6997 | D:7      | Paralysed by an orc for 5 turns
  7118 | D:7      | Found a shimmering blue altar of Sif Muna.
  7133 | D:7      | Reached skill level 13 in Axes
  7149 | D:7      | Reached *** piety under Okawaru
  7151 | D:7      | Found a snail-covered altar of Cheibriados.
  7770 | D:8      | Reached skill level 14 in Axes
  8160 | D:8      | Found a shimmering altar of Xom.
  8161 | D:8      | Noticed Gastronok
  8171 | D:8      | Reached XP level 10. HP: 63/80 MP: 6/9
  8182 | D:8      | Killed Gastronok
  8182 | D:8      | Reached **** piety under Okawaru
  8183 | D:8      | Reached skill level 15 in Axes
  8539 | D:8      | Reached skill level 16 in Axes
  8925 | D:8      | Identified the +2 ring mail of Melancholy {Int+3 Dex+4}
  9353 | D:8      | Reached ***** piety under Okawaru
  9376 | D:8      | Reached skill level 17 in Axes
 10386 | D:8      | Reached XP level 11. HP: 57/88 MP: 5/10
 10390 | D:8      | Identified the +4 war axe of the Neverending Friars
                  | {vorpal, rF++ Int-4} (Okawaru gifted it to you on level 8
                  | of the Dungeon)
 10390 | D:8      | Received a gift from Okawaru
 10714 | D:8      | Found a staircase to the Lair.
 10730 | D:8      | Reached skill level 18 in Axes
 10735 | Lair:1   | Entered Level 1 of the Lair of Beasts
 10954 | Lair:1   | Reached skill level 1 in Invocations
 11945 | Lair:2   | Identified the +1 ring mail of Refuge {rCorr Dex+3}
 13083 | Lair:2   | Noticed an eight-headed hydra
 13090 | Lair:2   | Identified the +0 robe of Pessimism {rC+} (Okawaru gifted
                  | it to you on level 2 of the Lair of Beasts)
 13090 | Lair:2   | Received a gift from Okawaru
 13093 | Lair:2   | HP: 1/91 [nine-headed hydra (9)]
 13093 | Lair:2   | Slain by a nine-headed hydra

Illustrated notes

Levels and vault maps discovered:
D:1:      minmay_arrival_open_corners, layout_basic
D:2:      layout_rooms, basic_altar, hex_tiny, uniq_crazy_yiuf_cottage,
          uniq_jessica
D:3:      layout_rooms, vehumet_crystals, chequers_ecumenical_altar_simple,
          minmay_divided_ellipse
D:4:      layout_rooms, kennysheep_little_box, minmay_temple_entry_arrows,
          hangedman_decor_riveting, uniq_robin
D:5:      layout_basic, uniq_blork_the_orc
D:6:      layout_loops_cross, corexii_hall_statues_i, minmay_misc_feat_tower,
          uniq_maggie
D:7:      layout_loops_ring, grunt_temple_overflow_open, enter_bailey_5,
          nicolae_ossuary_entry_giza, minmay_manual_macuahuitl
D:8:      layout_cave_pools, mainiacjoe_overflow_tiny_flanked,
          david_lair_shrubbed, serial_ice, serial_ice_c, serial_ice_b,
          serial_ice_a, serial_ice_i, serial_ice_h, serial_ice_o,
          grunt_ministairs_4, serial_bayou_lagoon_b, uniq_gastronok
Lair:1:   layout_gridlike, minivault_27
Lair:2:   layout_regular_city, chequers_serial_rivers_large_b,
          infiniplex_staircase_pool_2, serial_bayou_shore_b

Skill      XL: |  1  2  3  4  5  6  7  8  9 10 11 |
---------------+----------------------------------+-----
Armour         | 4 5 7 |  7.0
Dodging        | 1 2 3 |  3.6
Fighting       | 4 5 6 |  6.9
Axes           | 3 4 6 11 14 17 18 | 18.0
Shields        | 4 5 6 |  6.9
Stealth        | 1 2 |  2.0
Invocations    | 4 |  4.5

Action                   |  1- 3 |  4- 6 |  7- 9 | 10-12 || total
-------------------------+-------+-------+-------+-------++-------
Melee: War axe           |    91 |    79 |       |       ||   170
       Headbutt          |    10 |    14 |    67 |    26 ||   117
       Unarmed           |       |    11 |       |       ||    11
       Hand axe          |       |     8 |   170 |     2 ||   180
       Broad axe         |       |       |   206 |   225 ||   431
Evoke: Wand              |       |       |       |     6 ||     6
  Use: Potion            |       |     1 |     1 |     7 ||     9
       Scroll            |       |       |    13 |     1 ||    14
Armor: Scale mail        |    48 |    52 |   168 |    25 ||   293
       Skin              |       |    11 |       |       ||    11
       Chain mail        |       |       |       |    80 ||    80
Dodge: Dodged            |    40 |    41 |   167 |   117 ||   365
Block: Buckler           |    22 |    27 |    75 |    44 ||   168

Table legend: (Time is in decaauts)
 A = Elapsed time spent in this place.
 B = Non-inter-level travel time spent in this place.
 C = Inter-level travel time spent in this place.
 D = Time resting spent in this place.
 E = Time spent auto-exploring this place.
 F = Levels seen in this place.
 G = Mean time per level.
                   A        B        C        D        E       F      G
               +--------+--------+--------+--------+--------+-----+--------+
         Total |  13157 |  12659 |    498 |   2472 |   8329 |  11 | 1196.1 |
       Dungeon |  10343 |   9861 |    482 |   1873 |   6525 |   8 | 1292.9 |
          Lair |   2340 |   2325 |     15 |    554 |   1581 |   2 | 1170.0 |
       Ossuary |    473 |    473 |      0 |     45 |    222 |   1 |  473.0 |
               +--------+--------+--------+--------+--------+-----+--------+

Top non-repeatable levels by time:
     D:7: 2589 daAuts
     D:1: 1486 daAuts
  Lair:1: 1451 daAuts
     D:8: 1447 daAuts
     D:5: 1168 daAuts
     D:3: 1159 daAuts
     D:2: 979 daAuts
     D:6: 892 daAuts
  Lair:2: 888 daAuts
     D:4: 621 daAuts
 Ossuary: 473 daAuts
